 Dungeon Crawl Stone Soup version 0.19.0-19-g8c6edcc (webtiles) character file.

10633 dobroeutro the Markscentaur (level 11, -2/93 HPs)
             Began as a Centaur Hunter on Nov 14, 2016.
             Was a High Priest of Okawaru.
             Slain by a wyvern (17 damage)
             ... on level 11 of the Dungeon.
             The game lasted 00:26:13 (12444 turns).

dobroeutro the Markscentaur (Centaur Hunter)       Turns: 12444, Time: 00:26:14

Health: -2/93      AC:  7    Str: 16 (17) XL:     11   Next: 38%
Magic:  12/12      EV: 11    Int: 12      God:    Okawaru [*****.]
Gold:   453        SH:  0    Dex:  9      Spells: 0 memorised, 10 levels left

rFire  . . .     SeeInvis .     a - +2 shortbow
rCold  + + +     Gourm    .     I - +0 robe {rC+}
rNeg   . . .     Faith    .     (shield currently unavailable)
rPois  +         Spirit   .     (helmet restricted)
rElec  .         Reflect  .     g - +0 cloak
rCorr  .         Harm     .     t - +0 pair of gloves
MR     .....                    (no barding)
Stlth  ..........               (no amulet)
                                (no ring)
                                m - ring of Moderation {rPois rC+ Int+2 Stlth-}

@: very quick
A: beak, hooves 3, rugged brown scales 1, clumsy 1, cold resistance 1, deformed
body, deterioration 1, speed 2, high mp 1, tough skin 3
a: Heroism, Finesse, Renounce Religion


You were on level 11 of the Dungeon.
You worshipped Okawaru.
Okawaru was extremely pleased with you.
You were not hungry.

You visited 2 branches of the dungeon, and saw 12 of its levels.
You also visited: Sewer and Ossuary.

You collected 529 gold pieces.
You spent 76 gold pieces at shops.

Inventory:

Hand Weapons
 a - a +2 shortbow (weapon)
 q - a +0 flail of draining
 F - the +7 rapier "Ditaz" {speed, rPois rF- rN+}
   (You found it in a sewer)

   Attacks with this weapon are significantly faster.
   It makes you vulnerable to fire.
   It protects you from poison.
   It protects you from negative energy.
Missiles
 d - 274 arrows (quivered)
Armour
 g - a +0 cloak (worn)
 t - a +0 pair of gloves (worn)
 w - a +2 helmet
 I - a +0 robe of cold resistance (worn)
Jewellery
 m - the ring of Moderation (left hand) {rPois rC+ Int+2 Stlth-}
   (You found it on level 9 of the Dungeon)

   [ring of protection from cold]

   It affects your intelligence (+2).
   It protects you from cold.
   It protects you from poison.
   It makes you less stealthy.
Wands
 j - a wand of digging (5/24)
 G - a wand of iceblast (6/15)
 K - a wand of enslavement (14/24)
 M - a wand of flame (14/48)
 N - a wand of acid (5/15)
Scrolls
 e - 2 scrolls of enchant weapon
 h - a scroll of amnesia
 l - 4 scrolls of fear
 o - 2 scrolls of teleportation
 r - 4 scrolls of remove curse
 y - 3 scrolls of enchant armour
 A - 4 scrolls of blinking
 D - 2 scrolls of recharging
 J - a scroll of magic mapping
Potions
 c - a potion of ambrosia {unknown}
 i - a potion of invisibility
 k - 3 potions of magic
 p - 2 potions of lignification
 s - 4 potions of heal wounds
 u - 2 potions of cancellation
 v - a potion of might
 x - 2 potions of haste {unknown}
 z - 2 potions of agility {unknown}
 B - 2 potions of curing
 C - 2 potions of flight
Comestibles
 b - 3 royal jellies
 f - 11 bread rations
 n - 10 meat rations
 E - 5 beef jerkies
 H - 7 slices of pizza
 L - 12 chunks of flesh


   Skills:
 + Level 6.8 Fighting
 - Level 5.4 Short Blades
 - Level 4.0 Maces & Flails
 + Level 15.7 Bows
 + Level 4.5 Armour
 + Level 4.9 Dodging
 - Level 0.4 Stealth


You had 10 spell levels left.
You didn't know any spells.

Dungeon Overview and Level Annotations

Branches:
Dungeon (11/15)            Temple (1/1) D:5            Lair (0/6) D:10
    Orc (0/2) D:10

Altars:
Ashenzari
Cheibriados
Dithmenos
Elyvilon
Fedhas
Gozag
Hepliaklqana
Kikubaaqudgha
Makhleb
Nemelex Xobeh
Okawaru
Qazlal
Ru
Sif Muna
Trog
Uskayaw
Vehumet
Xom
Yredelemnul
Zin
The Shining One

Shops:
D:4 ?   D:5 [   D:9 ?

Annotations:
D:8 Joseph


Innate Abilities, Weirdness & Mutations

You have hooves in place of feet.
Armour fits poorly on your strangely shaped body.
You cover ground very quickly.
You have extremely tough skin. (AC +3)
You have a beak for a mouth.
You are partially covered in rugged brown scales. (AC +1, +3% HP)
You are clumsy. (Dex -2)
Your flesh is cold resistant. (rC+)
Your body sometimes deteriorates upon taking damage.
You have an increased reservoir of magic. (+10% MP)


Message History

You shoot an arrow.
The arrow hits the orc warrior but does no damage.
The orc warrior is almost dead.
The orc warrior misses you. The wyvern bites you!
Firing (i - inventory):
d - 275 arrows (quivered)
Press: ? - help, Shift-Dir - straight line, f/p - orc warrior
Aim: an orc warrior, wielding a scimitar and wearing a chain mail (almost dead)
You shoot an arrow. The arrow hits the orc warrior!
You kill the orc warrior!
Okawaru accepts your kill.
You feel your strength returning. The orc hits you with a whip.
The orc hits you with a hand axe.
* * * LOW HITPOINT WARNING * * *
The wyvern bites you!
* * * LOW HITPOINT WARNING * * *
Your body deteriorates!
You feel weakened. The orc closely misses you.
There is a stone staircase leading up, spattered with blood here.
The wyvern bites you!
You die...

.## . ..# #. ##..#
#.# ##..# #..###...#
#.......## #
#.......# ..
#.......# ...
##.....@l######....
#.........o........
#........o.......!.
#............t(()..(
#....#........?...((
#...####...........(
##(. ###....##....
#. ##...# #.. #
#...# .


You could see a crocodile, a wyvern and 2 orcs.

Vanquished Creatures
  Nergalle (D:10)
  Pikel (D:8)
  2 hill giants (D:10)
  The ghost of feelmyfire the Infuser, a novice DECj (D:8)
  3 trolls
  The ghost of Vajrapani the Insei, an amateur DsMo of Hepliaklqana (D:5)
  6 hippogriffs
  Prince Ribbit (D:8)
  4 yaks
  2 wyverns (D:9)
  4 hogs (D:10)
  A human (D:10)
  A hungry ghost (D:8)
  A water moccasin (D:8)
  2 black bears
  2 phantoms
  6 orc warriors
  An ice beast (D:7)
  3 sky beasts
  A necrophage (D:9)
  2 ogres
  3 centaurs
  A crocodile (D:10)
  An elf zombie (Ossuary)
  9 bullfrogs
  2 scorpions
  A killer bee (D:9)
  2 howler monkeys
  6 crimson imps
  A centaur zombie (D:7)
  A human zombie (Ossuary)
  A quasit (D:7)
  A jelly (D:10)
  A bullfrog skeleton (D:9)
  5 hounds
  2 centaur skeletons
  4 orc priests
  12 orc wizards
  Terence (D:3)
  4 iguanas
  7 worker ants
  A big kobold zombie (Ossuary)
  A hound zombie (D:10)
  2 hound skeletons
  3 mummies (Ossuary)
  4 gnolls (D:6)
  9 adders
  4 river rats
  2 shadow imps
  An ooze (D:2)
  4 adder skeletons
  5 adder zombies (Ossuary)
  6 worms
  3 dart slugs
  6 leopard geckos
  33 orcs
  3 ball pythons
  6 giant cockroaches
  10 goblins
  9 hobgoblins
  16 jackals
  5 quokkas
  A ball python skeleton (D:4)
  16 bats
  15 frilled lizards
  3 hobgoblin zombies (Ossuary)
  A jackal zombie (D:7)
  5 kobolds
  2 kobold zombies (Ossuary)
  A leopard gecko skeleton (D:4)
  A quokka skeleton (D:9)
  2 quokka zombies
  19 rats
  4 rat zombies (Ossuary)
  A fungus (D:10)
  A plant (D:10)
316 creatures vanquished.

Vanquished Creatures (others)
  3 slaves (D:8)
  9 fungi (D:10)
  2 plants (D:10)
14 creatures vanquished.

Grand Total: 330 creatures vanquished

Notes
Turn   | Place    | Note
-------+----------+-------------------------------------------
     0 | D:1      | dobroeutro the Centaur Hunter began the quest for the Orb.
     0 | D:1      | Reached XP level 1. HP: 17/17 MP: 1/1
   132 | D:1      | Reached XP level 2. HP: 14/24 MP: 2/2
   134 | D:1      | Reached skill level 6 in Bows
   910 | D:1      | Reached XP level 3. HP: 15/29 MP: 3/3
  1098 | D:2      | Found a glowing silver altar of Zin.
  1332 | D:1      | Reached skill level 7 in Bows
  1592 | D:2      | Reached XP level 4. HP: 25/36 MP: 4/4
  2158 | D:3      | Noticed Terence
  2220 | D:3      | Killed Terence
  2220 | D:3      | Reached skill level 8 in Bows
  2368 | D:3      | Reached XP level 5. HP: 34/41 MP: 5/5
  2923 | D:4      | Found Yntabb's Magic Scroll Shop.
  2929 | D:4      | Bought a scroll of fear for 38 gold pieces
  2952 | D:4      | Reached skill level 9 in Bows
  3251 | D:4      | Reached XP level 6. HP: 44/48 MP: 6/6
  3674 | D:4      | Reached skill level 10 in Bows
  4032 | D:5      | Entered Level 5 of the Dungeon
  4052 | D:4      | Bought a scroll of magic mapping for 38 gold pieces
  4070 | D:5      | Found Foiniunt's Antique Armour Shop.
  4086 | D:5      | Reached skill level 1 in Maces & Flails
  4144 | D:5      | Found a sand-covered staircase.
  4149 | Ossuary  | Entered an ossuary
  4157 | Ossuary  | Reached XP level 7. HP: 46/55 MP: 7/7
  4536 | D:5      | Found a staircase to the Ecumenical Temple.
  4545 | Temple   | Entered the Ecumenical Temple
  4591 | Temple   | Became a worshipper of Warmaster Okawaru
  4709 | D:5      | Noticed Vajrapani's ghost (amateur DsMo)
  4781 | D:5      | Killed Vajrapani's ghost
  4781 | D:5      | Reached skill level 11 in Bows
  4813 | D:5      | Reached * piety under Okawaru
  4868 | D:5      | Reached XP level 8. HP: 23/61 MP: 8/8
  4942 | D:5      | Found a glowing drain.
  4946 | Sewer    | Entered a sewer
  5465 | Sewer    | Reached skill level 12 in Bows
  5476 | Sewer    | Got a warped rapier
  5477 | Sewer    | Identified the +7 rapier "Ditaz" {speed, rPois rF- rN+} (You found it in a sewer)
  5706 | D:5      | Reached skill level 1 in Short Blades
  5791 | D:5      | Found a shadowy altar of Dithmenos.
  6039 | D:6      | Gained mutation: You are partially covered in rugged brown scales. (AC +1, +3% HP) [potion of mutation]
  6039 | D:6      | Gained mutation: Your body sometimes deteriorates upon taking damage. [potion of mutation]
  6039 | D:6      | Gained mutation: You have a beak for a mouth. [potion of mutation]
  6040 | D:6      | Gained mutation: You have an increased reservoir of magic. (+10% MP) [potion of mutation]
  6040 | D:6      | Gained mutation: You are clumsy. (Dex -2) [potion of mutation]
  6040 | D:6      | Gained mutation: Your flesh is cold resistant. (rC+) [potion of mutation]
  6574 | D:7      | Found a shimmering altar of Xom.
  6574 | D:7      | Found a deep blue altar of Sif Muna.
  6695 | D:7      | Reached skill level 13 in Bows
  6702 | D:7      | Reached ** piety under Okawaru
  6715 | D:7      | Reached XP level 9. HP: 27/69 MP: 9/9
  6980 | D:7      | Found a hazy altar of Hepliaklqana.
  7037 | D:7      | Found a bloodstained altar of Trog.
  7037 | D:7      | Found a glowing golden altar of the Shining One.
  7038 | D:7      | Found a hide-covered altar of Uskayaw.
  7425 | D:8      | Noticed feelmyfire's ghost (novice DECj)
  7490 | D:8      | Noticed Prince Ribbit
  7506 | D:8      | Killed Prince Ribbit
  7506 | D:8      | Reached skill level 5 in Short Blades
  7554 | D:8      | Found a radiant altar of Vehumet.
  7559 | D:8      | Reached *** piety under Okawaru
  7659 | D:8      | Reached skill level 14 in Bows
  7937 | D:8      | Reached skill level 1 in Armour
  8114 | D:8      | Killed feelmyfire's ghost
  8143 | D:8      | Noticed Joseph
  8439 | D:8      | Noticed Pikel
  8461 | D:8      | Killed Pikel
  8461 | D:8      | Reached **** piety under Okawaru
  8461 | D:8      | Reached XP level 10. HP: 52/80 MP: 11/11
  8908 | D:9      | Got a faintly glowing copper ring
  8909 | D:9      | Identified the ring of Moderation {rPois rC+ Int+2 Stlth-} (You found it on level 9 of the Dungeon)
  9370 | D:9      | Reached skill level 5 in Fighting
  9370 | D:9      | Reached skill level 15 in Bows
  9593 | D:9      | Got a sapphire whip
  9600 | D:9      | Identified the +4 whip "Vadups" {vamp, +Blink Str+4 Int+3} (You found it on level 9 of the Dungeon)
  9713 | D:9      | Reached ***** piety under Okawaru
  9733 | D:9      | Found Cuatompo's Magic Scroll Boutique.
  9928 | D:9      | Found a sparkling altar of Nemelex Xobeh.
 10167 | D:10     | Entered Level 10 of the Dungeon
 10207 | D:10     | Noticed Nergalle
 10211 | D:10     | Received a gift from Okawaru
 10271 | D:10     | Noticed a hill giant
 10672 | D:10     | Noticed a hill giant
 10690 | D:10     | Killed a hill giant
 10690 | D:10     | Received a gift from Okawaru
 10706 | D:10     | Noticed a spectral orc warlord
 10733 | D:10     | Killed a hill giant
 10733 | D:10     | Received a gift from Okawaru
 10733 | D:10     | Reached XP level 11. HP: 44/91 MP: 9/12
 10742 | D:10     | Killed Nergalle
 11124 | D:10     | Found a sacrificial altar of Ru.
 11252 | D:10     | Found a staircase to the Orcish Mines.
 11359 | D:10     | Received a gift from Okawaru
 11412 | D:10     | HP: 1/93 [hog (8)]
 11945 | D:10     | Found a staircase to the Lair.
 12399 | D:11     | Received a gift from Okawaru
 12444 | D:11     | Slain by a wyvern

Skill      XL: |  1  2  3  4  5  6  7  8  9 10 |
---------------+-------------------------------+-----
Bows           | 6 7 8 9 10 11 13 14 15 | 15.7
Maces & Flails | 1 3 4 |  4.0
Short Blades   | 4 5 |  5.4
Armour         | 2 4 |  4.5
Fighting       | 3 6 |  6.8
Dodging        | 2 4 |  4.9
Stealth        | |  0.4

Action                   |  1- 3 |  4- 6 |  7- 9 | 10-12 || total
-------------------------+-------+-------+-------+-------++-------
Melee: Short sword       |   171 |   159 |       |       ||   330
       Kick              |    23 |    47 |    48 |    18 ||   136
       Flail             |       |    55 |    38 |       ||    93
       Rapier            |       |     7 |   264 |    87 ||   358
       Peck              |       |       |    24 |    16 ||    40
 Fire: Shortbow          |    12 |   101 |   206 |   477 ||   796
Invok: Heroism           |       |       |       |     2 ||     2
  Use: Scroll            |       |    10 |    10 |       ||    20
       Potion            |       |     1 |     3 |       ||     4
  Eat: Chunk             |     1 |     6 |    14 |     7 ||    28
       Fruit             |       |       |       |     2 ||     2
       Bread ration      |       |       |       |     1 ||     1
       Beef jerky        |       |       |       |     1 ||     1
Armor: Leather armour    |    84 |   164 |   149 |       ||   397
       Robe              |       |       |     1 |    67 ||    68
Dodge: Dodged            |   125 |   190 |   139 |   114 ||   568
